 Dungeon Sprint DCSS version 0.29-a0-870-g2c972031a6 (webtiles) character file.

Game seed: 1594100982709216276

17301 mhtbhm the Bludgeoner (level 12, -1/91 HPs)
             Began as a Gargoyle Fighter on July 17, 2022.
             Was the Champion of Okawaru.
             Killed by an exploding killer bee (22 damage)
             ... ignited by their inner flame
             ... in the Dungeon (Sprint VII: "The Pits").
             The game lasted 00:09:17 (3997 turns).

mhtbhm the Bludgeoner (Gargoyle Fighter)            Turns: 3997, Time: 00:09:17

Health: -1/91      AC: 32    Str: 24    XL:     12   Next: 46%
Magic:  12/16      EV: 31    Int: 13    God:    Okawaru [******]
Gold:   64         SH:  9    Dex: 13    Spells: 11/11 levels left

rFire   . . .      SeeInvis .   H - +4 demon whip (flame)
rCold   + . .      Faith    .   c - +0 buckler
rNeg    + + +      Spirit   .   b - +6 ring mail of the Dolphin {rC+ rN+ Will+ Int+5}
rPois   ∞          Reflect  .   p - +0 helmet
rElec   +          Harm     .   s - +2 cloak
rCorr   .          Rampage  .   (no gloves)
Will    +....      NoTele   +   o - +0 pair of boots
Stlth   +++.......              r - amulet of the acrobat
HPRegen 0.25/turn               G - +4 ring of slaying
MPRegen 0.15/turn               D - ring of positive energy

@: heroic, finesse-ful, acrobatic, hasted, very quick
A: sickness immunity, AC +8, negative energy resistance 1, electricity
resistance, torment resistance 1, petrification resistance, agile 1
a: Renounce Religion, Heroism, Finesse


You were in the Dungeon.
You worshipped Okawaru.
Okawaru was exalted by your worship.
You visited 1 branch You collected 64 gold pieces.

Inventory:

Hand Weapons
 a - the +5 morningstar "Tormentor" {vorpal, rCorr}
   (Okawaru gifted it to you in the Dungeon)

   It inflicts extra damage upon your enemies.
   rCorr:     It protects you from acid and corrosion.
 n - a +3 morningstar
 H - a +4 demon whip of flaming (weapon)
Missiles
 q - 15 poisoned darts (quivered)
Armour
 b - the +6 ring mail of the Dolphin (worn) {rC+ rN+ Will+ Int+5}
   (Okawaru gifted it to you in the Dungeon)

   Int:       It affects your intelligence (+5).
   rC:        It protects you from cold.
   rN:        It protects you from negative energy.
   Will:      It increases your willpower.
 c - a +0 buckler (worn)
 o - a +0 pair of boots (worn)
 p - a +0 helmet (worn)
 s - a +2 cloak (worn)
Jewellery
 r - an amulet of the acrobat (around neck)
 v - a ring of ice
 D - a ring of positive energy (right hand)
 G - a +4 ring of slaying (left hand)
Wands
 t - a wand of charming (13)
Scrolls
 l - 5 scrolls of amnesia
 x - 4 scrolls of enchant weapon
 y - 2 scrolls of fog
 z - 2 scrolls of identify
 A - 2 scrolls of fear
 B - 4 scrolls of enchant armour
 E - a scroll of silence
Potions
 d - a potion of brilliance
 e - 5 potions of curing
 f - a potion of heal wounds
 g - 6 potions of haste
 h - 4 potions of magic
 i - 4 potions of berserk rage
 k - 2 potions of invisibility
 u - 2 potions of mutation
 C - a potion of cancellation


   Skills:
 + Level 17.0(22.0) Fighting
 + Level 17.9(22.9) Maces & Flails
 + Level 0.5(5.5) Throwing
 + Level 15.9(20.9) Armour
 + Level 6.8(11.8) Dodging
 + Level 1.9(6.9) Stealth
 + Level 13.8(18.8) Shields
 * Level 6.3 Invocations


You had 11 spell levels left.
You didn't know any spells.
Your spell library was empty.

Dungeon Overview and Level Annotations

Branches:
Dungeon (1/1)

Altars:
Ashenzari
Cheibriados
Dithmenos
Elyvilon
Fedhas
Gozag
Hepliaklqana
Kikubaaqudgha
Makhleb
Nemelex Xobeh
Okawaru
Qazlal
Ru
Sif Muna
Trog
Uskayaw
Vehumet
Wu Jian
Xom
Yredelemnul
Zin
The Shining One
Jiyva
Lugonu

Annotations:
D Nergalle


Innate Abilities, Weirdness & Mutations

You are immune to sickness and miasma.
Your stone body is resilient. (AC +8)
You are immune to poison.
You resist negative energy. (rN+)
You are resistant to electric shocks. (rElec)
You are resistant to unholy torment.
You are immune to petrification.
You are agile. (Dex +4, Str/Int -1)


Message History

Unknown command.
You barely miss the fire dragon.
The fire dragon is almost dead.
You block the killer bee's attack. Nergalle closely misses you.
The fire dragon barely misses you.
The fire dragon claws you but does no damage.
The fire dragon tramples you.
* * * LOW HITPOINT WARNING * * *
You hold your ground!
Okay, then.
Okay, then.
Blink to where?
Press: ? - help, Dir - move target
As you read the scroll of blinking, it crumbles to dust.
You feel better. The killer bee barely misses you.
The killer bee stings you but does no damage.
Unknown command.
You aren't carrying any items that you can evoke.
Unknown command.
Okay, then.
Really read the scroll of immolation?
As you read the scroll of immolation, it crumbles to dust.
The creatures around you are filled with an inner flame!
The killer bee misses you.
The killer bee stings you but does no damage.
Unknown command.
You feel yourself speed up.
You are no longer corroded.
A killer bee comes into view.
You block the killer bee's attack. You block Nergalle's attack.
You feel yourself speed up.
Unknown command.
The killer bee attacks as you move away!
The killer bee completely misses you.
The killer bee buzzes angrily.
You thrash the killer bee!! You burn the killer bee! Okawaru accepts your kill.
The killer bee explodes!
The fiery explosion engulfs you!!
You die...

#..################..##..#....
#..# #.#..##....... #..#
#f..##....... #..# #)#Df####''###
#..# #4##..####''### #..# #D#
#..##..)...#
#..################.f##.#)##.#
####............§§§.Doy.##.#.='.#
_.##............@§§o....##.'[.#.#
_.###########++###########.#[.'.#
..###########++###########.+}.#.#
#'##................##..## ##+#.#
'.##......#..#......##..# #
#.##................''..#
...÷................''..#########
####......#..#......##...........
..##................##...........


You could see a fire dragon (inner flame), Nergalle (inner flame), a wandering
mushroom, a killer bee and an orc.

Vanquished Creatures
  A storm dragon (D)
  2 hydras (D)
  A merfolk aquamancer (D)
  An orc high priest (D)
  A sixfirhy (D)
  A shadow wraith (D)
  3 bog bodies (D)
  2 wizards (D)
  2 deep elf pyromancers (D)
  An orc knight (D)
  An orc sorcerer (D)
  Maurice (D)
  An elephant (D)
  A rust devil (D)
  A cane toad (D)
  Psyche (D)
  2 unseen horrors (D)
  A demonic crawler (D)
  A rime drake (D)
  A komodo dragon (D)
  A guardian mummy (D)
  A hellwing (D)
  A troll (D)
  2 polar bears (D)
  A hornet (D)
  A merfolk (D)
  A snapping turtle (D)
  2 tarantellas (D)
  2 jumping spiders (D)
  2 ynoxinuls (D)
  3 water elementals (D)
  2 wraiths (D)
  A spriggan (D)
  A chaos spawn (D)
  A neqoxec (D)
  2 wargs (D)
  Edmund (D)
  A water moccasin (D)
  5 hell hounds (D)
  2 floating eyes (D)
  2 orc warriors (D)
  A black bear (D)
  A wolf (D)
  A centaur (D)
  2 kobold brigands (D)
  A scorpion (D)
  8 wights (D)
  A killer bee (D)
  2 gnoll boudas (D)
  3 orc priests (D)
  An iguana (D)
  5 orc wizards (D)
  2 hell rats (D)
  2 gnolls (D)
  An ufetubus (D)
  2 worms (D)
  3 orcs (D)
  A ball python (D)
  A bat (D)
  2 endoplasms (D)
  A giant cockroach (D)
  A goblin (D)
  A hobgoblin (D)
  2 quokkas (D)
  A rat (D)
107 creatures vanquished.

Vanquished Creatures (others)
  An orc (D)
  A quokka skeleton (D)
2 creatures vanquished.

Grand Total: 109 creatures vanquished

Notes
Turn   | Place    | Note
-------+----------+-------------------------------------------
     0 | D        | mhtbhm the Gargoyle Fighter began the quest for the Orb.
     0 | D        | Reached XP level 1. HP: 14/14 MP: 1/1
    17 | D        | Found a bloodstained altar of Trog.
    17 | D        | Found a shimmering blue altar of Sif Muna.
    17 | D        | Found a viscous altar of Jiyva.
    17 | D        | Found a hazy altar of Hepliaklqana.
    17 | D        | Found an opulent altar of Gozag.
    18 | D        | Found a glowing golden altar of the Shining One.
    18 | D        | Found a glowing silver altar of Zin.
    18 | D        | Found a basalt altar of Yredelemnul.
    18 | D        | Found a shimmering altar of Xom.
    18 | D        | Found an ornate altar of the Wu Jian Council.
    18 | D        | Found a sacrificial altar of Ru.
    18 | D        | Found a stormy altar of Qazlal.
    18 | D        | Found an iron altar of Okawaru.
    18 | D        | Found a sparkling altar of Nemelex Xobeh.
    18 | D        | Found a burning altar of Makhleb.
    18 | D        | Found a blossoming altar of Fedhas.
    18 | D        | Found a white marble altar of Elyvilon.
    18 | D        | Found a shadowy altar of Dithmenos.
    18 | D        | Found a snail-covered altar of Cheibriados.
    20 | D        | Found a radiant altar of Vehumet.
    20 | D        | Found a corrupted altar of Lugonu.
    21 | D        | Found a hide-covered altar of Uskayaw.
    21 | D        | Found an ancient bone altar of Kikubaaqudgha.
    21 | D        | Found a broken altar of Ashenzari.
    27 | D        | Became a worshipper of Warmaster Okawaru
    73 | D        | Reached XP level 2. HP: 19/20 MP: 2/2
    83 | D        | Noticed a floating eye
    85 | D        | Killed a floating eye
    85 | D        | Reached * piety under Okawaru
    86 | D        | Reached XP level 3. HP: 27/27 MP: 3/3
    86 | D        | Reached XP level 4. HP: 32/32 MP: 4/4
   134 | D        | Noticed a floating eye
   134 | D        | Noticed a water moccasin
   142 | D        | Paralysed by a floating eye for 4 turns
   153 | D        | Paralysed by a floating eye for 3 turns
   157 | D        | Killed a water moccasin
   157 | D        | Reached ** piety under Okawaru
   158 | D        | Reached skill level 5 in Maces & Flails
   158 | D        | Reached skill level 1 in Dodging
   158 | D        | Reached XP level 5. HP: 20/38 MP: 5/5
   160 | D        | Killed a floating eye
   161 | D        | Reached XP level 6. HP: 23/44 MP: 6/6
   307 | D        | Noticed Edmund
   361 | D        | Killed Edmund
   362 | D        | Reached XP level 7. HP: 19/50 MP: 7/7
   650 | D        | Killed an unseen horror
   650 | D        | Reached *** piety under Okawaru
   692 | D        | Reached XP level 8. HP: 53/56 MP: 8/8
   702 | D        | Reached **** piety under Okawaru
   710 | D        | Reached skill level 10 in Maces & Flails
   785 | D        | Noticed a komodo dragon
   801 | D        | Killed a komodo dragon
   802 | D        | Reached skill level 10 in Fighting
   802 | D        | Reached skill level 10 in Armour
   809 | D        | Reached skill level 1 in Stealth
  1062 | D        | Noticed a snapping turtle
  1084 | D        | Killed a snapping turtle
  1085 | D        | Reached skill level 10 in Shields
  1085 | D        | Reached XP level 9. HP: 40/63 MP: 9/9
  1212 | D        | Noticed an elephant
  1270 | D        | Reached ***** piety under Okawaru
  1295 | D        | Killed an elephant
  1625 | D        | Noticed a guardian mummy
  1657 | D        | Killed a guardian mummy
  1867 | D        | Noticed a sixfirhy
  1867 | D        | Noticed a wizard
  1868 | D        | Noticed a polar bear
  1886 | D        | Killed a sixfirhy
  1886 | D        | Identified the +5 morningstar "Tormentor" {vorpal, rCorr}
                  | (Okawaru gifted it to you in the Dungeon)
  1886 | D        | Received a gift from Okawaru
  1887 | D        | Reached XP level 10. HP: 37/71 MP: 10/10
  1900 | D        | Killed a wizard
  1908 | D        | Noticed Maurice
  1912 | D        | Killed Maurice
  2206 | D        | Noticed a demonic crawler
  2206 | D        | Noticed a deep elf pyromancer
  2221 | D        | Noticed a bog body
  2233 | D        | Killed a demonic crawler
  2237 | D        | Noticed a deep elf pyromancer
  2239 | D        | Noticed Psyche
  2254 | D        | Reached skill level 1 in Invocations
  2258 | D        | Identified the +1 robe of Resourcefulness {rN+} (Okawaru
                  | gifted it to you in the Dungeon)
  2258 | D        | Received a gift from Okawaru
  2261 | D        | Killed a bog body
  2262 | D        | Reached skill level 15 in Maces & Flails
  2278 | D        | Killed a deep elf pyromancer
  2279 | D        | Reached XP level 11. HP: 41/79 MP: 6/12
  2287 | D        | Killed Psyche
  2302 | D        | Killed a deep elf pyromancer
  2738 | D        | Noticed a bog body
  2744 | D        | Killed a bog body
  2758 | D        | Noticed a bog body
  2758 | D        | Noticed a five-headed hydra
  2831 | D        | Killed a five-headed hydra
  2832 | D        | Reached skill level 15 in Fighting
  2835 | D        | Killed a bog body
  2835 | D        | Identified the +6 ring mail of the Dolphin {rC+ rN+ Will+
                  | Int+5} (Okawaru gifted it to you in the Dungeon)
  2835 | D        | Received a gift from Okawaru
  2836 | D        | Reached skill level 15 in Armour
  3066 | D        | Noticed a merfolk aquamancer
  3083 | D        | Killed a merfolk aquamancer
  3430 | D        | Gained mutation: You are agile. (Dex +4, Str/Int -1) [a
                  | neqoxec]
  3440 | D        | Reached skill level 5 in Dodging
  3615 | D        | Noticed an orc sorcerer
  3615 | D        | Noticed a six-headed hydra
  3623 | D        | Killed an orc sorcerer
  3627 | D        | Killed a six-headed hydra
  3628 | D        | Reached XP level 12. HP: 77/88 MP: 14/14
  3732 | D        | Noticed a storm dragon
  3745 | D        | Killed a storm dragon
  3745 | D        | Reached ****** piety under Okawaru
  3775 | D        | Reached skill level 5 in Invocations
  3931 | D        | Noticed an orc high priest
  3946 | D        | Noticed a fire dragon
  3947 | D        | Killed an orc high priest
  3972 | D        | Noticed Nergalle
  3972 | D        | Identified the +0 ring mail "Ecaz Lah" {rPois rF++ Int+4
                  | Stlth-}
  3997 | D        | Killed by an exploding killer bee... ignited by their inner
                  | flame

Illustrated notes

Levels and vault maps discovered:
D:        pitsprint [storerooms_1, entrance_room_1, metal_vault_1, armoury_1,
          mini_pit_1, grid_room_1, main_hall_1, silver_pit, the_coven_3,
          the_vestibule_1, steel_vault_1, golden_pit, hallway_of_sentries,
          crystal_vault_3, iron_vault_1, final_vault]

Skill      XL: |  1  2  3  4  5  6  7  8  9 10 11 12 |
---------------+-------------------------------------+-----
Fighting       | 4 6 7 8 9 10 12 13 16 17 | 17.0
Armour         | 6 7 8 9 10 12 14 15 | 15.9
Maces & Flails | 3 5 6 7 9 11 13 15 17 | 17.9
Shields        | 6 7 8 9 10 11 13 | 13.8
Dodging        | 1 2 3 4 5 6 |  6.8
Stealth        | 1 |  1.9
Invocations    | 2 3 6 |  6.3
Throwing       | |  0.5

Action                   |  1- 3 |  4- 6 |  7- 9 | 10-12 || total
-------------------------+-------+-------+-------+-------++-------
Melee: Mace              |    13 |    71 |       |       ||    84
       Flail             |     2 |       |   197 |    14 ||   213
       Morningstar       |       |       |       |   238 ||   238
       Demon whip        |       |       |       |    50 ||    50
Throw: Dart              |       |       |       |     2 ||     2
Invok: Heroism           |       |       |       |     3 ||     3
       Finesse           |       |       |       |     2 ||     2
  Use: Potion            |       |     1 |     2 |    17 ||    20
       Scroll            |       |       |       |     3 ||     3
Armor: Scale mail        |    12 |    16 |       |       ||    28
       Chain mail        |       |    14 |    29 |       ||    43
       Plate armour      |       |       |   143 |   156 ||   299
       Ring mail         |       |       |       |   133 ||   133
Dodge: Dodged            |    13 |    19 |    62 |   204 ||   298
Block: Buckler           |     5 |    13 |    49 |   107 ||   174

Table legend: (Time is in decaauts)
 A = Elapsed time spent in this place.
 B = Non-inter-level travel time spent in this place.
 C = Inter-level travel time spent in this place.
 D = Time resting spent in this place.
 E = Time spent auto-exploring this place.
 F = Levels seen in this place.
 G = Mean time per level.
                   A        B        C        D        E       F      G
               +--------+--------+--------+--------+--------+-----+--------+
         Total |   3907 |   3859 |     48 |   2187 |     94 |   1 | 3907.0 |
       Dungeon |   3907 |   3859 |     48 |   2187 |     94 |   1 | 3907.0 |
               +--------+--------+--------+--------+--------+-----+--------+

Top non-repeatable levels by time:
       D: 3907 daAuts
